 Dungeon Crawl Stone Soup version 0.32-a0-22-g6ae6769602 (webtiles) character file.

Game seed: 10153199007464746945

18 Descartes the Scratcher (level 2, 0/21 HPs)
             Began as a Felid Shapeshifter on Jan 18, 2024.
             Succumbed to an adder's poison
             ... on level 2 of the Dungeon.
             The game lasted 00:01:23 (870 turns).

Descartes the Scratcher (Felid Shapeshifter)         Turns: 870, Time: 00:01:23

Health: 0/21       AC:  1    Str: 10    XL:     2   Next: 48%
Magic:  3/3        EV: 17    Int: 13    God:
Gold:   34         SH:  0    Dex: 15    Spells: 1/1 levels left
                                        Lives:  0   Deaths: 1

rFire   . .          .
                       - Unarmed
rCold   . . .        (shield unavailable)
rNeg    . . .        (body armour unavailable)
rPois   .            (helmet unavailable)
rElec   .            (cloak unavailable)
rCorr   .            (gloves unavailable)
SInv    +            (boots unavailable)
Will    .....        (no amulet) Stlth
                     (no ring)
HPRegen 0.23/turn    (no ring)
MPRegen 0.08/turn

%: no passive effects
@: berserking, lethally poisoned (0 -> -3), beast-form, very quick
A: beast (slay +1), very small, claws 1, fangs 3, see invisible, shaggy fur 1,
stealthy paws, no weapons or thrown items, no armour, multi-lived
a: Begin Untransformation


You were on level 2 of the Dungeon.
You were a hulking beast.
You visited 1 branch of the dungeon, and saw 2 of its levels.

You collected 34 gold pieces.

Inventory:

Jewellery
 h - an amulet of magic regeneration
Talismans
 b - a beast talisman
 c - a flux talisman
Scrolls
 d - a scroll of acquirement {unknown}
 g - 4 scrolls of identify {unknown}
 i - a scroll of teleportation {unknown}
 j - a scroll of amnesia {unknown}
Potions
 a - a potion of lignification
 e - a potion of berserk rage
 f - 2 potions of curing {unknown}


   Skills:
 - Level 1.0 Fighting
 + Level 3.1 Dodging
 * Level 2.0 Stealth
 + Level 3.1 Unarmed Combat
 + Level 2.8 Shapeshifting


You had one spell level left.
You didn't know any spells.
Your spell library was empty.

Dungeon Overview and Level Annotations

Branches:
Dungeon (2/15)

Altars:


Innate Abilities, Weirdness & Mutations

You are a hulking beast.
Your limbs bulge with bestial killing power. (Slay +1)
You have sharp claws.
You have razor-sharp teeth.
You have supernaturally acute eyesight. (SInv)
You are covered in fur. (AC +1)
Your paws help you pounce on unaware monsters.
You are incapable of wielding weapons or throwing items.
You cannot wear armour.
You gain extra lives every three experience levels.


Message History

The adder hisses angrily.
You scratch the hobgoblin.
You kill the hobgoblin!
Your Stealth skill increases to level 2!
You closely miss the adder. The adder bites you.
You closely miss the adder. The adder barely misses you.
The adder completely misses you.
You completely miss the adder. The adder closely misses you.
The adder misses you.
You scratch the adder.
The adder is heavily wounded.
The adder bites you. x3
* * * LOW HITPOINT WARNING * * *
You are too injured to fight recklessly!
You are too injured to fight recklessly!
You are too injured to fight recklessly!
You are too injured to fight recklessly!
You are too injured to fight recklessly!
You are too injured to fight recklessly!
You are too injured to fight recklessly!
You are too injured to fight recklessly!
You are too injured to fight recklessly!
Unknown command.
The adder closely misses you. The adder bites you.
* * * LOW HITPOINT WARNING * * *
You are lethally poisoned!
The adder poisons you!
* * * LOW HITPOINT WARNING * * *
You feel sick.
Unknown command.
It was a potion of berserk rage.
A red film seems to cover your vision as you go berserk!
You feel yourself moving faster!
You feel mighty!
* * * LOW HITPOINT WARNING * * *
You feel sick. The adder barely misses you.
You are too berserk!
Unknown command.
You claw the adder!
The adder is almost dead.
You die...

...#### . ....... ..
...... .. ....# ###.
....#..
.....###.......
#...S...# ####S####
#h##########.
#............
#...........
#.........# #.....
###.....#. #.....
#.....##.##.
.#.....##
#...........
........#
#...#.#..##.
........####...#.#.##


You could see 2 adders.

Vanquished Creatures
  A dart slug (D:1)
  2 endoplasms (D:1)
  3 goblins
  A hobgoblin (D:2)
  3 kobolds (D:1)
  A ball python (D:1)
  2 frilled lizards
  A rat (D:1)
14 creatures vanquished.

Notes
Turn   | Place    | Note
-------+----------+-------------------------------------------
     0 | D:1      | Descartes the Felid Shapeshifter began the quest for the
                  | Orb.
     0 | D:1      | Reached XP level 1. HP: 10/10 MP: 2/2
   195 | D:1      | Slain by a kobold
   195 | D:1      | Lost a life (0 lives remaining)
   203 | D:1      | Reached skill level 1 in Stealth
   266 | D:1      | Reached XP level 2. HP: 14/14 MP: 3/3
   869 | D:2      | HP: 1/21 [poisoned by an adder]
   870 | D:2      | Succumbed to an adder's poison

Illustrated notes

Levels and vault maps discovered:
D:1:      dpeg_arrival_stone_temple_mockup, layout_basic,
          grunt_decor_mini_mirrors
D:2:      layout_basic

Skill      XL: |  1  2 |
---------------+-------+-----
Stealth        | 1 2 |  2.0
Dodging        | 3 |  3.1
Fighting       | |  1.0
Unarmed Combat | |  3.1
Shapeshifting  | |  2.8

Action                     || total
---------------------------++-------
  Melee: Unarmed           ||    33
         Bite              ||     1
    Use: Potion            ||     1
   Stab: Sleeping          ||     2
 Armour: Skin              ||    17
  Dodge: Dodged            ||    20

Table legend: (Time is in decaauts)
 A = Elapsed time spent in this place.
 B = Non-inter-level travel time spent in this place.
 C = Inter-level travel time spent in this place.
 D = Time resting spent in this place.
 E = Time spent auto-exploring this place.
 F = Levels seen in this place.
 G = Mean time per level.
                   A        B        C        D        E       F      G
               +--------+--------+--------+--------+--------+-----+--------+
         Total |    868 |    852 |     16 |      0 |    741 |   2 |  434.0 |
       Dungeon |    868 |    852 |     16 |      0 |    741 |   2 |  434.0 |
               +--------+--------+--------+--------+--------+-----+--------+

Top non-repeatable levels by time:
     D:1: 806 daAuts
     D:2: 61 daAuts
